 Dungeon Crawl Stone Soup version 0.23.2-30-g0e89c35649 (webtiles) character file.

Game seed: 11827858760855069996

119 Mrkan the Skirmisher (level 5, -2/34 HPs)
             Began as a Gargoyle Fighter on June 23, 2019.
             Slain by an ogre
             ... wielding a cursed +0 giant club
              (12 damage)
             ... on level 3 of the Dungeon.
             The game lasted 00:03:50 (2161 turns).

Mrkan the Skirmisher (Gargoyle Fighter)             Turns: 2161, Time: 00:03:52

Health: -2/34      AC: 10    Str: 19    XL:     5   Next: 3%
Magic:  5/5        EV:  5    Int:  9    God:
Gold:   169        SH: 14    Dex: 10    Spells: 4/4 levels left

rFire    . . .     SeeInvis .   a - +0 flail
rCold    . . .     Gourm    .   g - +0 large shield
rNeg     + . .     Faith    .   b - +0 scale mail
rPois    ∞         Spirit   .   (no helmet)
rElec    +         Reflect  .   (no cloak)
rCorr    .         Harm     .   (no gloves)
MR       .....                  (no boots)
Stlth    ..........             (no amulet)
HPRegen  0.11/turn              (no ring)
MPRegen  0.09/turn              (no ring)

@: no status effects
A: negative energy resistance 1, electricity resistance, unbreathing,
petrification resistance, rot immunity, AC +4
a: no special abilities


You were on level 3 of the Dungeon.
You were not hungry.

You visited 1 branch of the dungeon, and saw 3 of its levels.

You collected 169 gold pieces.

Inventory:

Hand Weapons
 a - a +0 flail (weapon)
 p - a +1 mace of protection
Armour
 b - a +0 scale mail (worn)
 g - a +0 large shield (worn)
Jewellery
 k - an uncursed amulet of faith {unknown}
 r - a cursed amulet of inaccuracy {unknown}
Scrolls
 c - a scroll of random uselessness {unknown}
 e - 3 scrolls of fog {unknown}
 h - a scroll of blinking {unknown}
 i - a scroll of enchant weapon {unknown}
 j - 3 scrolls of amnesia {unknown}
 l - a scroll of immolation {unknown}
 m - 2 scrolls of remove curse {unknown}
 o - 3 scrolls of identify {unknown}
 v - a scroll of noise {unknown}
Potions
 d - 3 potions of might
 n - a potion of lignification {unknown}
 q - a potion of agility {unknown}
 s - a potion of heal wounds {unknown}
 u - a potion of brilliance {unknown}
Comestibles
 f - 8 rations
 t - a chunk of flesh


   Skills:
 * Level 4.9 Fighting
 + Level 2.9 Maces & Flails
 - Level 3.2 Armour
 + Level 4.1 Shields


You had 4 spell levels left.
You didn't know any spells.
Your spell library was empty.

Dungeon Overview and Level Annotations

Branches:
Dungeon (3/15)

Altars:
Cheibriados
Ru


Innate Abilities, Weirdness & Mutations

You are resistant to torment.
Your stone body is resilient. (AC +4)
You are immune to poison.
You resist negative energy. (rN+)
You are resistant to electric shocks. (rElec)
You can survive without breathing.
You are immune to petrification.
You are immune to rotting.


Message History

The bat moves out of view.
You hit the ogre but do no damage.
The ogre is lightly wounded.
The ogre hits you but does no damage.
Your shield prevents you from hitting the ogre.
The ogre is lightly wounded.
You block the ogre's attack.
Your shield and scale mail prevent you from hitting the ogre.
The ogre is lightly wounded.
The ogre barely misses you.
You hit the ogre.
The ogre is lightly wounded.
The ogre hits you with a cursed +0 giant club!!
Ouch! That really hurt!
* * * LOW HITPOINT WARNING * * *
You block the ogre's attack.
You hit the ogre.
The ogre is moderately wounded.
The ogre hits you with a cursed +0 giant club!
You die...

...###.####.#####.#..
#. #.# #.# #.#..
...####.####.#####.#..
##..................(..
.
..#####(#####.######..
... #. #.# #.# #..
....#.# #.# #.# #.#
####...####.# #.# #.#
......KgO@..# #.# #.. #
###....######
#.#######. . #.#.#
#.##...... # # #.
#.####. # ##.####.
..#..... ## #.##### .#
#.#...... .# #.#......


You could see an ogre, a goblin and a kobold.

Vanquished Creatures
  3 adders
  2 worms (D:2)
  A dart slug (D:1)
  A leopard gecko (D:2)
  4 orcs (D:3)
  8 bats
  5 giant cockroaches
  4 goblins
  6 hobgoblins
  11 jackals
  2 quokkas (D:2)
  5 frilled lizards
  5 kobolds
  25 rats
82 creatures vanquished.

Notes
Turn   | Place    | Note
-------+----------+-------------------------------------------
     0 | D:1      | Mrkan the Gargoyle Fighter began the quest for the Orb.
     0 | D:1      | Reached XP level 1. HP: 14/14 MP: 1/1
   156 | D:1      | Reached XP level 2. HP: 16/19 MP: 2/2
   705 | D:1      | Reached XP level 3. HP: 24/24 MP: 3/3
  1125 | D:2      | Found a sacrificial altar of Ru.
  1328 | D:2      | Reached XP level 4. HP: 28/30 MP: 4/4
  1978 | D:3      | Found a snail-covered altar of Cheibriados.
  2070 | D:3      | Reached XP level 5. HP: 34/34 MP: 5/5
  2150 | D:3      | Noticed an ogre
  2161 | D:3      | Slain by an ogre

Skill      XL: |  1  2  3  4 |
---------------+-------------+-----
Fighting       | 4 |  4.9
Shields        | 4 |  4.1
Maces & Flails | |  2.9
Armour         | |  3.2

Action                   |  1- 3 |  4- 6 || total
-------------------------+-------+-------++-------
Melee: Flail             |   194 |   120 ||   314
  Eat: Chunk             |     2 |     3 ||     5
Armor: Scale mail        |   106 |    57 ||   163
Dodge: Dodged            |    41 |    28 ||    69
Block: Large shield      |   173 |   129 ||   302
